 Dungeon Sprint DCSS version 0.17-a0-1718-g72dbe4d (webtiles) character file.

900000 ztt the Imperceptible (level 13, -30/128 HPs)
             Began as a Ghoul Wanderer on Aug 25, 2015.
             Was an Initiate of Makhleb.
             Annihilated by a bag of meat
             ... wielding a +9 war axe
              (34 damage)
             ... in the Dungeon (Sprint VIII: "Arena of Blood").
             The game lasted 00:00:18 (9 turns).

ztt the Imperceptible (Ghoul Wanderer)                 Turns: 9, Time: 00:00:18

Health: -30/128    AC:  2    Str: 20    XL:     13   Next: 28%
Magic:  12/12      EV: 11    Int:  8    God:    Makhleb [......]
Gold:   0          SH:  0    Dex:  8    Spells: 0 memorised, 12 levels left

rFire  . . .     SeeInvis .     k - +∞ Axe of Woe
rCold  + . .     Clarity  .     c - +0 robe
rNeg   + + +     SustAt   .     (no shield)
rPois  ∞         Gourm    .     (no helmet)
rElec  .         Spirit   .     (no cloak)
rCorr  .         Warding  .     (no gloves)
rMut   .         NoTele   +     (no boots)
MR     .....                    (no amulet)
Stlth  +++++++++.               (no ring)
                                (no ring)

@: rotting, not resistant to hostile enchantments, incredibly stealthy
A: rotting body, claws 1, carnivore 3, cold resistance 1, negative energy
resistance 3, slow healing 1, torment resistance, unbreathing
a: Renounce Religion


You were in the Dungeon.
You worshipped Makhleb.
Makhleb was noncommittal.
You were not hungry.

You visited 1 branch

Inventory:

Hand weapons
 a - a +2 quarterstaff
 d - a +0 dagger
 k - the +∞ Axe of Woe (weapon)
   (You found it in the Dungeon)
Armour
 c - a +0 robe (worn)
Scrolls
 j - a scroll of blinking
Potions
 b - 3 potions of curing
 f - a potion of heal wounds
 g - a potion of haste
 h - 2 potions of magic
 i - a potion of berserk rage
Comestibles
 e - a meat ration


   Skills:
 + Level 15.7 Fighting
 + Level 11.8 Axes
 + Level 13.6 Staves
 + Level 5.7 Armour
 + Level 25.2 Stealth


You had 12 spell levels left.
You didn't know any spells.

Dungeon Overview and Level Annotations

Branches:
Dungeon (1/1)

Altars:
Makhleb


Innate Abilities, Weirdness & Mutations

Your body is rotting away.
You thrive on raw meat.
You are immune to poison.
You have sharp fingernails.
You are carnivorous and can eat meat at any time.
Your flesh is cold resistant.
You are immune to negative energy.
You heal slowly when monsters are visible.
You are immune to unholy pain and torment.
You can survive without breathing.


Message History

You feel stronger.
You have reached level 7!
You have reached level 8!
You have reached level 9!
Your experience leads to an increase in your attributes!
Increase (S)trength, (I)ntelligence, or (D)exterity?
You feel stronger.
You have reached level 10!
You feel stronger.
You have reached level 11!
You have reached level 12!
Your experience leads to an increase in your attributes!
Increase (S)trength, (I)ntelligence, or (D)exterity?
You feel stronger.
You have reached level 13!
You hear a shout! x5
The meat berserker hits you with a +9 battleaxe!!!
* * * LOW HITPOINT WARNING * * *
The bag of meat hits you with a +9 war axe!!
You die...

... .. #... ..# .
#... ..# ..###...
..###.
......###......
....._......
#.....# O #_.<._#
. ....#@O.o.#....
#.....o.._o......
........###......
...###... ..###.
.. #... ..# #....
.# ..... ..
....... ..


You could see a meat berserker (berserk) and 3 bags of meat.

Vanquished Creatures
  An ogre (D)
1 creature vanquished.

Notes
Turn   | Place    | Note
--------------------------------------------------------------
     0 | D        | ztt the Ghoul Wanderer began the quest for the Orb.
     0 | D        | ztt set off with: a +2 quarterstaff, 3 potions of curing, a +0 robe, a +0 dagger, a meat ration, a potion of heal wounds, a potion of haste, 2 potions of magic, a potion of berserk rage, a scroll of blinking
     0 | D        | Reached XP level 1. HP: 17/17 MP: 0/0
     3 | D        | Noticed a bag of meat
     4 | D        | Noticed a bag of meat
     4 | D        | Became a worshipper of Makhleb the Destroyer
     5 | D        | Noticed a meat berserker
     5 | D        | Noticed a bag of meat
     6 | D        | Noticed a bag of meat
     7 | D        | Noticed a meat berserker
     9 | D        | Killed a meat berserker
     9 | D        | Reached skill level 15 in Fighting
     9 | D        | Reached skill level 5 in Armour
     9 | D        | Reached skill level 25 in Stealth
     9 | D        | Reached XP level 2. HP: 20/49 MP: 1/1
     9 | D        | Reached XP level 3. HP: 22/56 MP: 2/2
     9 | D        | Reached XP level 4. HP: 24/63 MP: 3/3
     9 | D        | Reached XP level 5. HP: 26/70 MP: 4/4
     9 | D        | Reached XP level 6. HP: 28/78 MP: 5/5
     9 | D        | Reached XP level 7. HP: 30/84 MP: 6/6
     9 | D        | Reached XP level 8. HP: 32/92 MP: 7/7
     9 | D        | Reached XP level 9. HP: 34/100 MP: 8/8
     9 | D        | Reached XP level 10. HP: 36/107 MP: 9/9
     9 | D        | Reached XP level 11. HP: 38/114 MP: 10/10
     9 | D        | Reached XP level 12. HP: 40/122 MP: 11/11
     9 | D        | Reached XP level 13. HP: 41/128 MP: 12/12
     9 | D        | HP: 4/128 [meat berserker/+9 battleaxe (37)]
     9 | D        | Annihilated by a bag of meat

Vault maps used:
D:        meatsprint

Action                   |  1- 3 |  4- 6 |  7- 9 | 10-12 | 13-15 || total
-------------------------+-------+-------+-------+-------+-------++-------
Melee: Executioner's axe |     1 |       |       |       |       ||     1
